 Dungeon Crawl Stone Soup version 0.25-a0-87-ga3d287bc14 (webtiles) character file.

Game seed: 7448845569192145089, levelgen mode: deterministic

5 CalmDownMonkey the Sneak (level 1, 16/16 HPs)
             Began as a Vampire Assassin on Nov 10, 2019.
             Quit the game on level 1 of the Dungeon.
             The game lasted 00:01:52 (72 turns).

CalmDownMonkey the Sneak (Vampire Assassin)           Turns: 72, Time: 00:01:52

Health: 16/16      AC:  3    Str: 10    XL:     1   Next: 66%
Magic:  1/1        EV: 12    Int: 13    God:
Gold:   9          SH:  0    Dex: 15    Spells: 0/0 levels left

rFire    . . .     SeeInvis +   a - +2 dagger
rCold    . . .     Gourm    .   (no shield)
rNeg     . . .     Faith    .   b - +0 robe
rPois    .         Spirit   .   (no helmet)
rElec    .         Reflect  .   c - +0 cloak
rCorr    .         Harm     .   (no gloves)
MR       .....                  (no boots)
Stlth    +++.......             (no amulet)
HPRegen  0.25/turn              (no ring)
MPRegen  0.07/turn              (no ring)

@: regenerating quickly
A: no food, fangs 3, see invisible, unbreathing
a: Exsanguinate


You were on level 1 of the Dungeon.
You were alive.

You visited 1 branch of the dungeon, and saw 1 of its levels.

You collected 9 gold pieces.

Inventory:

Hand Weapons
 a - a +2 dagger (weapon)
Missiles
 d - 8 poisoned darts
 e - 2 curare-tipped darts
 i - 12 sling bullets
Armour
 b - a +0 robe (worn)
 c - a +0 cloak (worn)
Scrolls
 f - a scroll of magic mapping {unknown}
 g - a scroll of remove curse {unknown}
Potions
 h - a potion of curing {unknown}


   Skills:
 - Level 1.7 Fighting
 + Level 2.5 Short Blades
 - Level 1.5 Throwing
 - Level 1.1 Dodging
 + Level 6.1 Stealth


You couldn't memorise any spells.
You didn't know any spells.
Your spell library was empty.

Dungeon Overview and Level Annotations

Branches:
Dungeon (1/15)

Altars:


Innate Abilities, Weirdness & Mutations

You do not eat.
Your natural rate of healing is unusually fast.
You have razor-sharp teeth.
You have supernaturally acute eyesight. (SInv)
You can survive without breathing.


Message History

Welcome, CalmDownMonkey the Vampire Assassin.
Will you be the one to retrieve the transcendent Orb of Zot from the depths?
Found a scroll labeled VOBBOB UDON and a scroll labeled KORYNE HAMPES.
Found a staircase leading out of the dungeon.
f - a scroll labeled VOBBOB UDON Unknown command.
A giant cockroach comes into view.
The helpless giant cockroach fails to defend itself.
You impale the giant cockroach!!
You kill the giant cockroach!
There is a staircase leading out of the dungeon here.
A giant cockroach comes into view.
You swing at nothing.
You swing at nothing.
The helpless giant cockroach fails to defend itself.
You impale the giant cockroach!!
You kill the giant cockroach!
Your Stealth skill increases to level 6!
Found 7 gold pieces.
Found a stone staircase leading down.
g - a scroll labeled KORYNE HAMPES A bat comes into view.
You see here a sedimented white potion.
h - a sedimented white potion A hobgoblin comes into view.
It is wielding a +0 club.
You see here 9 gold pieces.
You now have 9 gold pieces.
The bat hits you but does no damage. x2
You hit the bat but do no damage. The bat barely misses you.
You swing at nothing.
The bat closely misses you.
You swing at nothing.
The bat hits you but does no damage. The bat misses you.
You hit the bat.
You kill the bat!
A rat comes into view.
You see here 12 sling bullets.
i - 12 sling bullets The hobgoblin shouts!
You see here a ring mail.
The rat misses you.
You barely miss the rat. The rat closely misses you.
You hit the rat.
You kill the rat!
The hobgoblin barely misses you.
You closely miss the hobgoblin. The hobgoblin hits you with a +0 club.
You take 1 damage, and have 15/16 hp.
You hit the hobgoblin. Your bite misses the hobgoblin.
The hobgoblin hits you but does no damage.
You closely miss the hobgoblin. Your bite misses the hobgoblin.
Health restored: 16 You hit the hobgoblin.
The hobgoblin hits you but does no damage.
You barely miss the hobgoblin. The hobgoblin hits you with a +0 club.
You take 1 damage, and have 15/16 hp.
You hit the hobgoblin.
You kill the hobgoblin!
You don't know any spells.
There's nothing to close nearby.
That item cannot be evoked!
Quiver which item? (- for none, * to show all) (? for menu, Esc to quit)
Okay, then.
Okay, then.
Okay, then.
Quiver which item? (- for none, * to show all) (? for menu, Esc to quit)
Okay, then.
Unknown command.
Unknown command.
Health restored: 16 Unknown command.
Unknown command.
Unknown command.
Unknown command.
Unknown command.
Unknown command.
Okay, then.
Okay, then.
Okay, then.

#......).......... .#
####.................
..##...................#
............[...........
........................
........................
.!......................
.....................#..
...#...@#####.#.#..####.
.....#..# #.#...## ..
......... ...... .##
......###. .. .$ ......
## .> .$)..# ... .....
.....


There were no monsters in sight!

Vanquished Creatures
  2 giant cockroaches (D:1)
  A hobgoblin (D:1)
  A bat (D:1)
  A rat (D:1)
5 creatures vanquished.

Notes
Turn   | Place    | Note
-------+----------+-------------------------------------------
     0 | D:1      | CalmDownMonkey the Vampire Assassin began the quest for the
                  | Orb.
     0 | D:1      | Reached XP level 1. HP: 16/16 MP: 1/1
    25 | D:1      | Reached skill level 6 in Stealth
    72 | D:1      | Quit the game

Levels and vault maps discovered:
D:1:      scummos_arrival_star, layout_rooms

Skill      XL: |  1 |
---------------+----+-----
Stealth        | 6 |  6.1
Fighting       | |  1.7
Short Blades   | |  2.5
Throwing       | |  1.5
Dodging        | |  1.1

Action                   || total
-------------------------++-------
Melee: Dagger            ||    12
 Stab: Sleeping          ||     2
Armor: Robe              ||     5
Dodge: Dodged            ||     6

Table legend:
 A = Non-vault XP
 B = Vault XP
 C = Vault XP percentage of total XP
 D = Non-vault monster count
 E = Vault monster count
 F = Vault count percentage of total count
                 A         B        C        D         E       F
            +---------+---------+-------+---------+---------+-------
      Total |       8 |       0 |   0.0 |       5 |       0 |   0.0
            +---------+---------+-------+---------+---------+-------
        D:1 |       8 |       0 |   0.0 |       5 |       0 |   0.0
            +---------+---------+-------+---------+---------+-------

Levels and vault maps discovered:
D:1:      scummos_arrival_star, layout_rooms

Table legend:
 A = Turns spent in this place as a percentage of turns spent in the entire game.
 B = Non-inter-level travel turns spent in this place as a percentage of non-inter-level travel turns spent in the entire game.
 C = Inter-level travel turns spent in this place as a percentage of turns spent in this place.
 D = Turns resting spent in this place as a percentage of non-inter-level travel turns spent in this place.
 E = Turns spent auto-exploring this place as a percentage of non-inter-level travel turns spent in this place.
 F = Non-inter-level travel turns spent in this place divided by the number of levels of this place that you've seen.
                   A       B       C       D       E      F
               +-------+-------+-------+-------+-------+----------------------
         Total | 100.0 | 100.0 |   9.7 |   0.0 |   9.2 |  65.0
       Dungeon | 100.0 | 100.0 |   9.7 |   0.0 |   9.2 |  65.0
               +-------+-------+-------+-------+-------+----------------------

Table legend:
 A = Kills in this place as a percentage of kills in entire the game.
 B = Kills by you in this place as a percentage of kills by you in the entire game.
 C = Kills by friends in this place as a percentage of kills by friends in the entire game.
 D = Other kills in this place as a percentage of other kills in the entire game.
 E = Experience gained in this place as a percentage of experience gained in the entire game.
 F = Experience gained in this place divided by the number of levels of this place that you have seen.
                   A       B       C       D       E      F
               +-------+-------+-------+-------+-------+----------------------
         Total | 100.0 | 100.0 |   N/A |   N/A | 100.0 |   8.0
       Dungeon | 100.0 | 100.0 |   N/A |   N/A | 100.0 |   8.0
               +-------+-------+-------+-------+-------+----------------------
